 Dungeon Crawl Stone Soup version 0.30-a0-591-g3c58d2bc28 (webtiles) character file.

Game seed: 5511127612309794683

8211 Querens the Jinx (level 11, -3/47 HPs)
             Began as a Spriggan Enchanter on Jan 5, 2023.
             Was an Elder of Wu Jian.
             Shot with an arrow by a centaur warrior (28 damage)
             ... on level 10 of the Dungeon.
             The game lasted 00:35:22 (7278 turns).

Querens the Jinx (Spriggan Enchanter)               Turns: 7278, Time: 00:35:22

Health: -3/47      AC:  5    Str:  4    XL:     11   Next: 6%
Magic:  19/28      EV: 18    Int: 17    God:    Wu Jian [****..]
Gold:   734        SH:  0    Dex: 20    Spells: 20/34 levels left

rFire   + . .      SeeInvis +    M - +2 dagger (venom)
rCold   + . .      Faith    .    (no shield)
rNeg    . . .      Spirit   .    y - +2 robe {rC+ rF+}
rPois   .          Reflect  .    (helmet restricted)
rElec   .          Harm     .    w - +0 cloak
rCorr   .          Rampage  .    (gloves unavailable)
Will    +....                    (boots unavailable)
Stlth   +++                      (no amulet)
HPRegen 0.27/turn                F - +4 ring of slaying
MPRegen 0.21/turn                v - ring of wizardry

@: very quick
A: very small, no large weapons, unfitting armour, see invisible, speed 3
a: Renounce Religion, Wall Jump, Serpent's Lash


You were on level 10 of the Dungeon.
You worshipped Wu Jian.
Wu Jian was greatly pleased with you.
You visited 2 branches of the dungeon, and saw 11 of its levels.
You also visited: Sewer and Ossuary.

You collected 734 gold pieces.

Inventory:

Hand Weapons
 u - a +3 dagger
 x - a +0 dagger of draining
 M - a +2 dagger of venom (weapon)
Missiles
 g - 3 atropa-tipped darts (quivered)
 O - 2 curare-tipped darts
Armour
 b - a +0 robe
 w - a +0 cloak (worn)
 y - a +2 robe of resistance (worn)
Jewellery
 v - a ring of wizardry (right hand)
 F - a +4 ring of slaying (left hand)
 H - a ring of wizardry
 N - a +6 ring of strength
Wands
 a - a wand of flame (31)
 A - a wand of iceblast (6)
 I - a wand of digging (1)
 L - a wand of polymorph (10)
 R - a wand of light (4)
Scrolls
 e - 5 scrolls of vulnerability {unknown}
 i - 3 scrolls of immolation {unknown}
 k - a scroll of acquirement {unknown}
 l - 3 scrolls of amnesia {unknown}
 m - a scroll of enchant weapon {unknown}
 n - 7 scrolls of teleportation {unknown}
 o - 12 scrolls of identify {unknown}
 z - 3 scrolls of blinking {unknown}
 D - a scroll of noise {unknown}
 E - a scroll of torment {unknown}
 G - a scroll of poison {unknown}
 J - a scroll of fog {unknown}
 K - 2 scrolls of magic mapping {unknown}
 S - a scroll of brand weapon {unknown}
 T - a scroll of enchant armour {unknown}
Potions
 c - 2 potions of invisibility
 d - a potion of might {unknown}
 f - 2 potions of mutation {unknown}
 h - a potion of cancellation {unknown}
 j - 4 potions of degeneration {unknown}
 p - 2 potions of lignification {unknown}
 q - 5 potions of heal wounds
 r - 4 potions of curing
 s - 6 potions of flight
 t - 3 potions of brilliance {unknown}
 B - 2 potions of magic {unknown}
 C - 3 potions of attraction {unknown}
 P - a potion of resistance {unknown}
 Q - a potion of haste {unknown}


   Skills:
 - Level 10.0 Short Blades
 - Level 2.6 Dodging
 - Level 4.4 Stealth
 + Level 12.1 Spellcasting
 + Level 12.3 Hexes
 + Level 5.5 Transmutations


You had 20 spell levels left.
You knew the following spells:

 Your Spells              Type           Power      Damage    Failure   Level
a - Ensorcelled Hibernat  Hex/Ice        62%        N/A       1%          2
b - Confusing Touch       Hex            51%        N/A       1%          3
c - Dazzling Flash        Conj/Hex       62%        N/A       1%          3
d - Tukima's Dance        Hex            51%        N/A       1%          3
e - Beastly Appendage     Tmut           56%        N/A       1%          1
f - Wereblood             Tmut           28%        N/A       1%          2

Your spell library contained the following spells:

 Spells                   Type           Power      Damage    Failure   Level
 Portal Projectile        Hex/Tloc       62%        N/A       1%          3
 Summon Guardian Golem    Hex/Summ       31%        N/A       1%          3
 Magic Dart               Conj           40%        1d5       2%          1
 Summon Small Mammal      Summ           40%        N/A       2%          1
 Spider Form              Tmut/Pois      19%        N/A       2%          3
 Fulminant Prism          Conj/Hex       15%        3d11      2%          4
 Searing Ray              Conj           20%        2d5       4%          2
 Static Discharge         Conj/Air       20%        2-3/arc   4%          2
 Call Canine Familiar     Summ           10%        N/A       9%          3
 Vhi's Electric Charge    Tloc/Air       20%        N/A       9%          3
 Blade Hands              Tmut           14%        N/A       9%          5
 Arcjolt                  Conj/Air       5%         1d15      56%         5
 Lightning Bolt           Conj/Air       5%         1d17      56%         5


Dungeon Overview and Level Annotations

Branches:
Dungeon (10/15)            Temple (1/1) D:4            Lair (0/5) D:8
  Sewer (visited)         Ossuary (visited)
    Orc: D:9-12

Altars:
Ashenzari
Cheibriados
Dithmenos
Elyvilon
Fedhas
Gozag
Hepliaklqana
Kikubaaqudgha
Nemelex Xobeh
Okawaru
Ru
Sif Muna
Trog
Uskayaw
Vehumet
Wu Jian
Xom
Yredelemnul
Zin
The Shining One

Shops:
D:5 :   D:6 [=:*=


Innate Abilities, Weirdness & Mutations

You are very small and have problems with some larger weapons.
You are too small for most types of armour.
You have supernaturally acute eyesight. (SInv)
You cover ground extremely quickly. (Speed+++)


Message History

The helpless orc priest fails to defend itself.
You perforate the orc priest like a sieve!!!!
You kill the orc priest!
The Council accepts your kill.
A centaur warrior and an orc come into view.
The centaur warrior moves out of view.
Things that are here:
a +0 hand axe; an orc corpse
Casting: Ensorcelled Hibernation (safe; 1% risk of failure)
Confirm with . or Enter, or press ? or * to list all spells.
Aiming: Ensorcelled Hibernation (safe; 1% risk of failure)
Press: ? - help, Shift-Dir - straight line, f - efreet
Aim: an efreet, wielding a +0 scimitar of flaming (flame, chance to affect: 61%)
The efreet looks drowsy...
The orc shouts!
You lunge at the efreet.
The helpless efreet fails to defend itself.
You skewer the efreet like a kebab!!!
You kill the efreet!
The Council accepts your kill.
The centaur warrior shouts!
The centaur warrior wields a +0 shortbow.
The centaur warrior shoots an arrow.
The arrow hits you!
The basilisk hisses angrily.
Casting: Ensorcelled Hibernation (safe; 1% risk of failure)
Confirm with . or Enter, or press ? or * to list all spells.
Aiming: Tukima's Dance (safe; 1% risk of failure)
Press: ? - help, Shift-Dir - straight line, f - centaur warrior
Aim: a centaur warrior, wielding a +0 shortbow (chance to affect: 54%)
The centaur warrior resists with significant effort.
The centaur warrior shoots an arrow.
The arrow hits you!
Casting: Tukima's Dance (safe; 1% risk of failure)
Confirm with . or Enter, or press ? or * to list all spells.
Aiming: Tukima's Dance (safe; 1% risk of failure)
Press: ? - help, Shift-Dir - straight line, f/p - centaur warrior
Aim: a centaur warrior, wielding a +0 shortbow (chance to affect: 54%)
The centaur warrior resists with significant effort.
The centaur warrior shoots an arrow.
The arrow hits you!!
Ouch! That really hurt!
You die...

..# #....# ##.....#
..## #....# ####.##
...# ###### ###...#
...## #########...###.
#...##
##.........###♣):
##...##
#........###♣..°°
##...##
#...)..###♣...○♣#
##...##
#...)###♣....P..#
##...# #..##.@°°o.P♣
#...###....###♣c.l.P..#
##...##......###♣....♣#
#...##........# #♣....
##...#......... ♣.)
#...#......... ?
#...#.........
##.#..........
#............


You could see a centaur warrior, a basilisk and an orc.

Vanquished Creatures
  Pikel (D:9)
  The ghost of wpisznazwe the Covert, a novice KoEn (D:4)
  An efreet (D:10)
  A troll (D:8)
  Prince Ribbit (D:5)
  A hornet (D:9)
  Sigmund (D:5)
  A shadow (D:9)
  3 yaks (D:10)
  A wyvern (D:10)
  4 vampire mosquitoes (D:9)
  A steam dragon (D:9)
  A water moccasin (D:9)
  2 orc warriors
  2 hornet zombies (Ossuary)
  2 black bears (D:7)
  3 ogres (D:5)
  A wolf (D:8)
  A lemure (D:9)
  2 centaurs
  2 phantoms
  A bullfrog (D:9)
  5 kobold brigands
  5 necrophages
  A wyvern zombie (D:4)
  3 scorpions (D:5)
  4 water moccasin zombies (Ossuary)
  5 wights
  5 killer bees (D:8)
  6 electric eels (D:8)
  3 howler monkeys
  8 bullfrog zombies
  3 centaur zombies (Ossuary)
  4 orc priests
  6 hounds
  4 jellies
  A bullfrog skeleton (D:4)
  6 orc wizards
  6 iguanas
  5 killer bee zombies (Ossuary)
  12 mummies (Ossuary)
  A howler monkey zombie (Ossuary)
  A howler monkey skeleton (D:4)
  2 river rats (Sewer)
  5 adders
  2 shadow imps
  A white imp (D:5)
  2 ufetubi
  3 worms
  2 dart slugs
  18 orcs
  4 bats
  4 endoplasms
  6 giant cockroaches
  7 goblins
  7 hobgoblins
  9 jackals
  26 kobolds
  7 quokkas
  6 ball pythons
  3 frilled lizards (D:1)
  23 rats
265 creatures vanquished.

Vanquished Creatures (collateral kills)
  A centaur (D:8)
  A wight (D:8)
  An orc (D:7)
3 creatures vanquished.

Vanquished Creatures (others)
  A dancing weapon (D:6)
  A demonic plant (D:1)
  4 withered plants (Ossuary)
6 creatures vanquished.

Grand Total: 274 creatures vanquished

Notes
Turn   | Place    | Note
-------+----------+-------------------------------------------
     0 | D:1      | Querens the Spriggan Enchanter began the quest for the Orb.
     0 | D:1      | Reached XP level 1. HP: 9/9 MP: 5/5
   391 | D:1      | Reached XP level 2. HP: 7/13 MP: 6/6
   585 | D:1      | Found a faded altar of an unknown god.
   994 | D:1      | Learned a level 2 spell: Ensorcelled Hibernation
  1005 | D:2      | Reached XP level 3. HP: 5/16 MP: 3/8
  1593 | D:3      | Found a glowing drain.
  1629 | Sewer    | Entered a sewer
  1638 | Sewer    | Reached XP level 4. HP: 20/21 MP: 4/10
  1697 | Sewer    | Noticed a kobold brigand
  1789 | Sewer    | Killed a kobold brigand
  1790 | Sewer    | Reached XP level 5. HP: 20/24 MP: 10/12
  1827 | Sewer    | Found a white marble altar of Elyvilon.
  2565 | D:4      | Found a staircase to the Ecumenical Temple.
  2571 | Temple   | Entered the Ecumenical Temple
  2670 | Temple   | Became a worshipper of the Wu Jian Council
  2711 | D:4      | Reached skill level 5 in Hexes
  2800 | D:4      | Found a transporter.
  2801 | D:4      | Noticed wpisznazwe's ghost (novice KoEn)
  2802 | D:4      | Found a transporter.
  2849 | D:4      | Learned a level 3 spell: Confusing Touch
  2866 | D:4      | Reached XP level 6. HP: 28/28 MP: 9/13
  2956 | D:4      | Reached skill level 5 in Short Blades
  3324 | D:4      | Killed wpisznazwe's ghost
  3325 | D:4      | Reached skill level 5 in Spellcasting
  3325 | D:4      | Reached XP level 7. HP: 12/32 MP: 7/16
  3418 | D:5      | Entered Level 5 of the Dungeon
  3470 | D:5      | Noticed Sigmund
  3550 | D:5      | Reached XP level 8. HP: 35/36 MP: 3/18
  3564 | D:5      | Reached * piety under Wu Jian
  3710 | D:5      | Learned a level 3 spell: Dazzling Flash
  3714 | D:5      | Learned a level 3 spell: Tukima's Dance
  3747 | D:5      | Noticed Prince Ribbit
  3771 | D:5      | Killed Prince Ribbit
  3884 | D:5      | Found Cegip's Self-Improvement Boutique.
  4033 | D:5      | Killed Sigmund
  4124 | D:6      | Reached XP level 9. HP: 39/39 MP: 21/21
  4159 | D:6      | Found Agaiz's Assorted Antiques.
  4180 | D:6      | Found Vunkij's Jewellery Shop.
  4263 | D:6      | Found Lamnant's Antique Armour Emporium.
  4311 | D:6      | Found Emnaefaish's Book Shop.
  4396 | D:6      | Found a sand-covered staircase.
  4405 | Ossuary  | Entered an ossuary
  4477 | Ossuary  | Reached ** piety under Wu Jian
  4550 | Ossuary  | Reached skill level 10 in Short Blades
  4901 | D:6      | Found Qyfofail's Jewellery Boutique.
  4976 | D:6      | Found a white marble altar of Elyvilon.
  5011 | D:6      | Reached skill level 10 in Hexes
  5013 | D:6      | Reached *** piety under Wu Jian
  5335 | D:7      | Reached XP level 10. HP: 33/44 MP: 14/24
  5426 | D:7      | Reached skill level 10 in Spellcasting
  5487 | D:7      | Found a glowing silver altar of Zin.
  5588 | D:7      | Found an opulent altar of Gozag.
  5718 | D:7      | Learned a level 1 spell: Beastly Appendage
  5721 | D:7      | Learned a level 2 spell: Wereblood
  5977 | D:8      | Found a staircase to the Lair.
  6003 | D:8      | Reached **** piety under Wu Jian
  6172 | D:9      | Noticed Pikel
  6180 | D:9      | Killed Pikel
  6901 | D:10     | Entered Level 10 of the Dungeon
  6906 | D:10     | Reached skill level 5 in Transmutations
  6908 | D:10     | Reached XP level 11. HP: 47/47 MP: 24/27
  6979 | D:10     | Found a shadowy altar of Dithmenos.
  7046 | D:10     | Found a glowing golden altar of the Shining One.
  7083 | D:10     | Found a sparkling altar of Nemelex Xobeh.
  7273 | D:10     | Noticed a centaur warrior
  7278 | D:10     | Shot with an arrow by a centaur warrior

Illustrated notes

Levels and vault maps discovered:
D:1:      psy_arrival_radial01, layout_basic, shapermc_ecumenical_altar_gd,
          serial_bayou_pond_e
D:2:      layout_rooms
D:3:      layout_basic, gup_sewer_entry_pipe
D:4:      layout_basic, temple_doors_e, gammafunk_ghost_mausoleum,
          minmay_rat_hole
D:5:      layout_basic, st_stairs_9, nicolae_shop_self_help,
          uniq_prince_ribbit1, uniq_sigmund
D:6:      layout_cave_pods, mainiacjoe_overflow_catwalk,
          chequers_ossuary_entry_cave, serial_shops, nicolae_stop_n_shop_2,
          nicolae_shop_waterfront, nicolae_stop_n_shop_2,
          nicolae_shop_window_shopping, nicolae_diamond_shop
D:7:      layout_basic, pdpol_temple_overflow_zin_treasury_gozag_greed,
          minivault_19
D:8:      layout_rooms, erik_lair_island, ebering_dispersal_statue_hall,
          hangedman_decor_clover_reticule
D:9:      layout_roguey, corexii_hall_statues_deadend, nicolae_water_bricks,
          uniq_pikel
D:10:     minmay_the_grid_four_pointed_star_mashed
          [minmay_the_grid_triangle_9x9_empty,
          minmay_the_grid_triangle_9x9_shrine,
          minmay_the_grid_triangle_9x9_limited_checkers,
          minmay_the_grid_triangle_9x9_empty,
          minmay_the_grid_prize_four_corners_diamond_b], layout_rooms,
          tso_altar, marbit_many_paths, grunt_dithmenos_smoke_and_mirrors,
          serial_curves, eino_curves_01, eino_curves_03, uniq_joseph
Temple:   nicolae_temple_slightly_damp_pantheon

Skill      XL: |  1  2  3  4  5  6  7  8  9 10 11 |
---------------+----------------------------------+-----
Spellcasting   | 3 4 5 6 7 9 11 12 | 12.1
Short Blades   | 2 3 4 6 7 9 10 | 10.0
Hexes          | 4 5 6 7 10 12 | 12.3
Transmutations | 5 |  5.5
Dodging        | |  2.6
Stealth        | |  4.4

Action                   |  1- 3 |  4- 6 |  7- 9 | 10-12 || total
-------------------------+-------+-------+-------+-------++-------
Melee: Dagger            |   195 |   222 |   401 |   152 ||   970
       Punch             |     3 |     1 |     5 |     2 ||    11
Throw: Dart              |     3 |     4 |       |       ||     7
 Cast: Ensorcelled Hiber |     7 |    12 |    32 |    36 ||    87
       Confusing Touch   |       |     5 |    31 |    13 ||    49
       Tukima's Dance    |       |       |     3 |    11 ||    14
Invok: Lunge             |       |     2 |    29 |    19 ||    50
       Whirlwind         |       |       |     2 |     2 ||     4
Evoke: Wand              |       |       |       |    15 ||    15
  Use: Potion            |       |     1 |     1 |     1 ||     3
 Stab: Sleeping          |    11 |    11 |    26 |    31 ||    79
       Distracted        |     1 |       |     4 |       ||     5
       Invisible         |       |     1 |       |       ||     1
       Confused          |       |     4 |    31 |     9 ||    44
Armor: Robe              |    16 |    12 |    27 |    15 ||    70
Dodge: Dodged            |   129 |   133 |   202 |    84 ||   548

Table legend: (Time is in decaauts)
 A = Elapsed time spent in this place.
 B = Non-inter-level travel time spent in this place.
 C = Inter-level travel time spent in this place.
 D = Time resting spent in this place.
 E = Time spent auto-exploring this place.
 F = Levels seen in this place.
 G = Mean time per level.
                   A        B        C        D        E       F      G
               +--------+--------+--------+--------+--------+-----+--------+
         Total |   4712 |   4375 |    337 |      3 |      0 |  13 |  362.5 |
       Dungeon |   4179 |   3848 |    331 |      0 |      0 |  10 |  417.9 |
        Temple |     75 |     69 |      6 |      0 |      0 |   1 |   75.0 |
         Sewer |    203 |    203 |      0 |      0 |      0 |   1 |  203.0 |
       Ossuary |    254 |    254 |      0 |      3 |      0 |   1 |  254.0 |
               +--------+--------+--------+--------+--------+-----+--------+

Top non-repeatable levels by time:
     D:4: 683 daAuts
     D:1: 597 daAuts
     D:9: 466 daAuts
     D:3: 450 daAuts
     D:5: 408 daAuts
     D:6: 402 daAuts
     D:7: 359 daAuts
     D:8: 295 daAuts
     D:2: 281 daAuts
 Ossuary: 254 daAuts
    D:10: 234 daAuts
   Sewer: 203 daAuts
  Temple: 75 daAuts
